 Dungeon Crawl Stone Soup version 0.30-b1-2-g02819fbbbe (webtiles) character file.

Game seed: 13367762507257976707

679 Arum the Ducker (level 7, 0/56 HPs)
             Began as a Demonspawn Gladiator on May 13, 2023.
             Was an Initiate of Hepliaklqana.
             Killed by divine providence
             ... invoked by an orc priest
              (11 damage)
             ... on level 5 of the Dungeon.
             The game lasted 00:05:08 (3920 turns).

Arum the Ducker (Demonspawn Gladiator)              Turns: 3920, Time: 00:05:08

Health: 0/56       AC:  5    Str: 16    XL:     7   Next: 34%
Magic:  16/16      EV: 13    Int: 10    God:    Hepliaklqana [......]
Gold:   270        SH:  0    Dex: 14    Spells: 6/6 levels left

rFire   . .          .
                       - Unarmed
rCold   . . .        (no shield)
rNeg    . . .        a - +0 leather armour
rPois   .            b - +0 helmet
rElec   .            B - +0 cloak
rCorr   .            (no gloves)
SInv    .            (no boots)
Will    .....        (no amulet)
Stlth   +            s - ring of magical power
HPRegen 0.29/turn    w - +4 ring of protection
MPRegen 0.15/turn

%: no passive effects
@: marked, corroded
A: claws 1, foul stench 1
a: Renounce Religion


You were on level 5 of the Dungeon.
You worshipped Hepliaklqana.
Hepliaklqana was noncommittal.
You visited 1 branch of the dungeon, and saw 5 of its levels.

You collected 270 gold pieces.

Inventory:

Missiles
 c - 3 throwing nets (quivered)
 d - 6 javelins
Armour
 a - a +0 leather armour (worn)
 b - a +0 helmet (worn)
 B - a +0 cloak (worn)
Jewellery
 s - a ring of magical power (left claw)
 w - a +4 ring of protection (right claw)
 A - an amulet of magic regeneration
 F - a ring of flight
Wands
 t - a wand of flame (9)
 y - a wand of paralysis (16)
Scrolls
 e - 5 scrolls of identify {unknown}
 f - a scroll of brand weapon {unknown}
 g - a scroll of torment {unknown}
 i - 2 scrolls of vulnerability {unknown}
 j - a scroll of magic mapping {unknown}
 l - 2 scrolls of teleportation {unknown}
 n - a scroll of poison {unknown}
 x - a scroll of enchant armour {unknown}
 C - a scroll of silence {unknown}
 G - a scroll of noise {unknown}
Potions
 h - a potion of lignification {unknown}
 k - a potion of haste {unknown}
 m - a potion of curing
 o - 4 potions of mutation {unknown}
 p - a potion of resistance {unknown}
 q - 2 potions of invisibility {unknown}
 r - 2 potions of brilliance {unknown}
 u - a potion of magic {unknown}
 v - 2 potions of attraction {unknown}
 z - 2 potions of degeneration {unknown}
 D - a potion of heal wounds {unknown}
 E - a potion of flight {unknown}


   Skills:
 + Level 5.0 Fighting
 - Level 1.7 Throwing
 + Level 5.0 Dodging
 + Level 5.0 Unarmed Combat


You had 6 spell levels left.
You didn't know any spells.
Your spell library contained the following spells:

 Spells                   Type           Power      Damage    Failure   Level
 Freeze                   Ice            0%         1d3       43%         1
 Kiss of Death            Conj/Necr      0%         2d5       43%         1
 Sting                    Tmut/Pois      0%         1d3       43%         1
 Poisonous Vapours        Pois/Air       0%         N/A       56%         2
 Call Canine Familiar     Summ           0%         N/A       80%         3
 Confusing Touch          Hex            0%         N/A       80%         3
 Frozen Ramparts          Ice            0%         1d1       80%         3
 Hailstorm                Conj/Ice       0%         3d3       80%         3
 Portal Projectile        Hex/Tloc       0%         N/A       80%         3
 Dispel Undead            Necr           0%         3d6       99%         4
 Leda's Liquefaction      Hex/Erth       0%         N/A       99%         4
 Olgreb's Toxic Radiance  Pois           0%         N/A       99%         4


Dungeon Overview and Level Annotations

Branches:
Dungeon (5/15)
 Temple: D:4-7

Altars:
Hepliaklqana
Kikubaaqudgha
Vehumet

Shops:
D:4 =


Innate Abilities, Weirdness & Mutations

You have sharp fingernails.
You may rarely emit foul miasma when damaged in melee.


Message History

Unknown command.
You closely miss the orc priest. The orc priest misses you.
You scratch the orc priest.
The orc priest is lightly wounded.
The orc priest closely misses you.
You scratch the orc priest.
The orc priest is heavily wounded.
The orc priest hits you but does no damage.
The jelly attacks as you move away! The jelly hits you.
You are splashed with acid!
The orc priest invokes the aid of Beogh against you.
Beogh smites you!
You scratch the jelly. The acid corrodes you!
Your claws burn!
You claw the jelly, but do no damage.
The jelly is moderately wounded.
The jelly closely misses you.
You scratch the jelly.
Your claws burn!
You claw the jelly!
The jelly is almost dead.
The jelly misses you.
You scratch the jelly but do no damage.
Your claws burn!
* * * LOW HITPOINT WARNING * * *
The jelly is almost dead.
The jelly misses you.
You claw the jelly!
You kill the jelly!
The orc priest looks encouraged for a moment.
Your Fighting skill increases to level 5!
Your Unarmed Combat skill increases to level 5!
The orc priest hits you with a +0 dagger.
* * * LOW HITPOINT WARNING * * *
You scratch the orc priest.
The orc priest is heavily wounded.
A hound comes into view.
The orc priest hits you with a +0 dagger.
* * * LOW HITPOINT WARNING * * *
You scratch the orc priest.
The orc priest is almost dead.
The orc priest invokes the aid of Beogh against you.
Beogh smites you!
You die...

#. ### ##. #.. #..
#.# #.. #.# # #..
#.# # #.. #.#######
#.)#########........
#.o@.........#######
#.##########.# # ..#
####


You could see an orc priest.

Vanquished Creatures
  A black bear (D:4)
  An ogre (D:4)
  A phantom (D:5)
  A scorpion (D:5)
  A jelly (D:5)
  A hound (D:3)
  2 orc priests (D:3)
  Crazy Yiuf (D:4)
  2 iguanas
  Jessica (D:2)
  A gnoll (D:1)
  2 adders
  4 dart slugs
  10 orcs
  8 endoplasms
  3 giant cockroaches
  9 goblins
  7 hobgoblins
  8 jackals
  3 quokkas
  8 ball pythons
  9 bats
  4 frilled lizards
  9 kobolds
  A rat (D:1)
98 creatures vanquished.

Notes
Turn   | Place    | Note
-------+----------+-------------------------------------------
     0 | D:1      | Arum the Demonspawn Gladiator began the quest for the Orb.
     0 | D:1      | Reached XP level 1. HP: 16/16 MP: 1/1
   105 | D:1      | Gained mutation: You have sharp fingernails. [demonic
                  | ancestry]
   105 | D:1      | Reached XP level 2. HP: 2/23 MP: 2/2
   429 | D:1      | Gained mutation: You may rarely emit foul miasma when
                  | damaged in melee. [demonic ancestry]
   429 | D:1      | Reached XP level 3. HP: 28/28 MP: 3/3
   938 | D:2      | Noticed Jessica
   948 | D:2      | Killed Jessica
   949 | D:2      | Reached XP level 4. HP: 21/35 MP: 4/4
  1742 | D:3      | Found a radiant altar of Vehumet.
  1905 | D:3      | Reached XP level 5. HP: 18/41 MP: 5/5
  2183 | D:3      | Found a faded altar of an unknown god.
  2189 | D:3      | Found an ancient bone altar of Kikubaaqudgha.
  2743 | D:4      | Found Goxoi's Jewellery Boutique.
  2754 | D:4      | Noticed an ogre
  2759 | D:4      | Killed an ogre
  2760 | D:4      | Reached XP level 6. HP: 48/48 MP: 6/6
  3220 | D:4      | Found a runed translucent door.
  3221 | D:4      | Noticed Crazy Yiuf
  3241 | D:4      | Found a hazy altar of Hepliaklqana.
  3268 | D:4      | HP: 2/49 [Crazy Yiuf/+2 quarterstaff of chaos (8)]
  3273 | D:4      | Killed Crazy Yiuf
  3454 | D:4      | Became a worshipper of Hepliaklqana the Forgotten
  3566 | D:5      | Entered Level 5 of the Dungeon
  3598 | D:5      | Reached XP level 7. HP: 36/55 MP: 7/7
  3909 | D:5      | Reached skill level 5 in Dodging
  3918 | D:5      | Reached skill level 5 in Fighting
  3918 | D:5      | Reached skill level 5 in Unarmed Combat
  3920 | D:5      | Killed from afar by an orc priest

Illustrated notes

Levels and vault maps discovered:
D:1:      heliophobic_arrival_ceremonial_halls, layout_basic,
          nicolae_kite_square_tiling_tiny, minmay_misc_feat_secret_circle,
          chequers_serial_rivers_micro_b
D:2:      minmay_recursive_quarters, layout_basic, uniq_jessica
D:3:      layout_basic, nicolae_overflow_ecumenical_swirl,
          vehumet_altar_wand_db, kennysheep_orc_chapel
D:4:      layout_rooms, kennysheep_mini, tso_metal_star, serial_shops, shop,
          uniq_crazy_yiuf_cottage
D:5:      layout_loops_ring, kennysheep_mini_moat

Skill      XL: |  1  2  3  4  5  6  7 |
---------------+----------------------+-----
Dodging        | 3 4 5 |  5.0
Unarmed Combat | 3 4 5 |  5.0
Fighting       | 3 4 5 |  5.0
Throwing       | |  1.7

Action                     |  1- 3 |  4- 6 |  7- 9 || total
---------------------------+-------+-------+-------++-------
  Melee: Unarmed           |   124 |   183 |    32 ||   339
         Punch             |     3 |     6 |     3 ||    12
  Evoke: Wand              |       |     7 |       ||     7
    Use: Potion            |       |     1 |       ||     1
   Stab: Sleeping          |     1 |       |       ||     1
         Paralysed         |       |     2 |       ||     2
 Armour: Leather armour    |    28 |    38 |     7 ||    73
  Dodge: Dodged            |    79 |   110 |    16 ||   205
